General information
- name: BNet
- type: Ladder team game (AT/RT)
- host: Battle.net
- saver: IRememberSOJOBO
map: Deadlands
- players: 8
- length: 46:43
- speed: Fast
- version: 1.26 W3XP
- replay type: Public
» download(255 KB)
Players
team 1 (winner)
naggersnjuice (
purple | 265 APM | 6161 actions | 23:13)
7 Death Knight
3 Death Coil
3 Unholy Aura
1 Animate Dead
4 Lich
2 Frost Nova
2 Frost Armor
» actions
| Assign group hotkey | 108 | |
| Basic commands | 20 | |
| Build / train | 123 | |
| ESC pressed | 3 | |
| Enter build submenu | 24 | |
| Enter hero's abilities submenu | 13 | |
| Give item / drop item | 3 | |
| Remove unit from queue | 1 | |
| Right click | 958 | |
| Select / deselect | 511 | |
| Select group hotkey | 4229 | |
| Use ability | 168 | |
6161 total
» units
| Acolyte | 12 | |
| Ghoul | 4 | |
| Crypt Fiend | 14 | |
| Frost Wyrm | 11 | |
41 total
» upgrades
| Cannibalize | 0 | |
| Creature Attack | 2 | |
| Creature Carapace | 2 | |
| Burrow | 1 | |
| Web | 1 | |
| Freezing Breath | 1 | |
7 total
» buildings
| Crypt | 2 | |
| Graveyard | 2 | |
| Ziggurat | 8 | |
| Altar of Darkness | 1 | |
| Tomb of Relics | 1 | |
| Halls of the Dead | 5 | |
| Black Citadel | 2 | |
| Necropolis | 1 | |
| Spirit Tower | 3 | |
| Sacrificial Pit | 1 | |
| Boneyard | 2 | |
28 total
» build order
00:37 Crypt
00:38 Graveyard
00:43 Graveyard
00:46 Crypt
00:49 Ziggurat
01:05 Altar of Darkness
01:22 Ziggurat
01:58 Tomb of Relics
05:13 Ziggurat
05:25 Ziggurat
05:44 Ziggurat
05:50 Halls of the Dead
05:50 Halls of the Dead
05:51 Halls of the Dead
07:58 Ziggurat
08:14 Black Citadel
09:03 Necropolis
09:05 Spirit Tower
09:05 Spirit Tower
09:09 Sacrificial Pit
11:11 Boneyard
11:56 Boneyard
18:12 Ziggurat
18:24 Ziggurat
» items
| Rod of Necromancy | 17 | |
| Sacrificial Skull | 2 | |
| Scroll of Town Portal | 3 | |
| Orb of Corruption | 1 | |
| Potion of Healing | 1 | |
| Scroll of Healing | 3 | |
27 total
3MONTHSWOWTIME (
orange | 56 APM | 2620 actions | 46:43)
9 Blademaster
3 Wind Walk
3 Critical Strike
1 Bladestorm
2 Mirror Image
» actions
| Assign group hotkey | 64 | |
| Basic commands | 173 | |
| Build / train | 82 | |
| Enter build submenu | 26 | |
| Enter hero's abilities submenu | 9 | |
| Give item / drop item | 5 | |
| Remove unit from queue | 2 | |
| Right click | 905 | |
| Select / deselect | 313 | |
| Select group hotkey | 853 | |
| Use ability | 186 | |
2620 total
» units
| Peon | 13 | |
| Grunt | 3 | |
| Goblin Shredder | 2 | |
| Wind Rider | 5 | |
| Troll Batrider | 4 | |
| Goblin Sapper | 10 | |
| Goblin Zeppelin | 4 | |
41 total
» upgrades
| Ranged Weapons | 2 | |
| Armor | 2 | |
| Reinforced Defenses | 1 | |
| Envenomed Spears | 1 | |
| Liquid Fire | 1 | |
| Ensnare | 1 | |
8 total
» buildings
| Altar of Storms | 1 | |
| Orc Burrow | 6 | |
| Barracks | 1 | |
| Voodoo Lounge | 2 | |
| Stronghold | 2 | |
| War Mill | 1 | |
| Great Hall | 2 | |
| Watch Tower | 25 | |
| Fortress | 1 | |
| Beastiary | 4 | |
45 total
» build order
00:07 Altar of Storms
00:21 Orc Burrow
00:40 Barracks
01:23 Orc Burrow
02:24 Voodoo Lounge
02:59 Stronghold
03:43 War Mill
04:37 Orc Burrow
04:50 Great Hall
05:22 Watch Tower
05:22 Watch Tower
05:24 Watch Tower
07:01 Fortress
07:14 Watch Tower
07:46 Beastiary
07:49 Beastiary
07:55 Beastiary
08:37 Watch Tower
10:10 Orc Burrow
10:11 Orc Burrow
10:15 Orc Burrow
11:08 Watch Tower
11:08 Watch Tower
11:10 Watch Tower
11:11 Watch Tower
11:38 Watch Tower
11:39 Watch Tower
13:48 Watch Tower
13:49 Watch Tower
13:49 Watch Tower
13:50 Watch Tower
13:50 Watch Tower
15:03 Watch Tower
15:04 Watch Tower
15:04 Watch Tower
15:05 Watch Tower
16:00 Beastiary
16:26 Voodoo Lounge
17:57 Watch Tower
17:57 Watch Tower
17:58 Watch Tower
17:59 Watch Tower
17:59 Watch Tower
18:28 Great Hall
» items
| Healing Salve | 3 | |
| Scroll of Town Portal | 6 | |
| Lesser Clarity Potion | 1 | |
| Staff of Teleportation | 1 | |
| Potion of Lesser Invulnerability | 1 | |
| Orb of Lightning | 1 | |
| Tiny Great Hall | 1 | |
14 total
FatHonrygurl4U (
blue | 30 APM | 978 actions | 32:06)
7 Archmage
3 Summon Water Elemental
3 Brilliance Aura
1 Mass Teleport
» actions
| Basic commands | 6 | |
| Build / train | 80 | |
| Enter build submenu | 28 | |
| Enter hero's abilities submenu | 7 | |
| Give item / drop item | 2 | |
| Remove unit from queue | 2 | |
| Right click | 471 | |
| Select / deselect | 311 | |
| Use ability | 71 | |
978 total
» units
| Peasant | 12 | |
| Footman | 9 | |
| Knight | 16 | |
37 total
» upgrades
| Defend | 1 | |
| Swords | 3 | |
| Plating | 3 | |
| Lumber Harvesting | 2 | |
| Masonry | 0 | |
| Animal War Training | 1 | |
10 total
» buildings
| Altar of Kings | 1 | |
| Farm | 10 | |
| Barracks | 2 | |
| Lumber Mill | 1 | |
| Scout Tower | 9 | |
| Arcane Tower | 1 | |
| Blacksmith | 1 | |
| Arcane Vault | 1 | |
| Keep | 1 | |
| Guard Tower | 8 | |
| Town Hall | 1 | |
| Castle | 1 | |
37 total
» build order
00:30 Altar of Kings
00:39 Farm
00:52 Barracks
01:21 Lumber Mill
01:28 Farm
01:44 Scout Tower
02:08 Farm
02:20 Arcane Tower
02:37 Blacksmith
02:48 Farm
03:36 Arcane Vault
03:40 Farm
04:10 Keep
04:25 Farm
05:39 Farm
06:02 Scout Tower
06:30 Guard Tower
07:19 Town Hall
07:24 Castle
08:03 Farm
09:26 Farm
10:31 Barracks
10:56 Scout Tower
11:32 Guard Tower
12:15 Scout Tower
12:20 Scout Tower
12:30 Guard Tower
12:33 Scout Tower
12:43 Guard Tower
12:47 Guard Tower
12:50 Scout Tower
12:55 Scout Tower
13:15 Guard Tower
13:44 Guard Tower
13:50 Scout Tower
14:26 Guard Tower
15:03 Farm
» items
| Scroll of Regeneration | 8 | |
| Scroll of Town Portal | 2 | |
| Potion of Healing | 2 | |
12 total
YOLO_SWAGGINS (
teal | 23 APM | 1094 actions | 46:43)
3 Archmage
2 Blizzard
1 Brilliance Aura
» actions
| Basic commands | 38 | |
| Build / train | 92 | |
| Enter build submenu | 30 | |
| Enter hero's abilities submenu | 3 | |
| Right click | 425 | |
| Select / deselect | 434 | |
| Use ability | 72 | |
1094 total
» units
| Peasant | 22 | |
| Siege Engine | 11 | |
| Flying Machine | 17 | |
50 total
» upgrades
| Gunpowder | 3 | |
| Lumber Harvesting | 2 | |
| Barrage | 1 | |
| Plating | 3 | |
| Masonry | 2 | |
| Flak Cannons | 1 | |
| Flying Machine Bombs | 1 | |
| Armor | 1 | |
| Swords | 1 | |
15 total
» buildings
| Altar of Kings | 2 | |
| Farm | 15 | |
| Barracks | 1 | |
| Arcane Vault | 1 | |
| Lumber Mill | 2 | |
| Keep | 2 | |
| Blacksmith | 1 | |
| Castle | 2 | |
| Workshop | 3 | |
| Town Hall | 4 | |
| Scout Tower | 18 | |
| Guard Tower | 14 | |
65 total
» build order
00:16 Altar of Kings
00:19 Farm
00:55 Farm
01:24 Barracks
01:46 Arcane Vault
02:32 Lumber Mill
02:48 Keep
03:12 Farm
03:13 Farm
03:29 Blacksmith
04:56 Farm
04:57 Farm
05:14 Castle
05:18 Workshop
05:21 Workshop
06:12 Farm
06:13 Farm
06:13 Farm
11:12 Workshop
21:24 Farm
21:24 Farm
21:25 Farm
25:21 Town Hall
25:26 Town Hall
29:41 Lumber Mill
30:25 Keep
30:34 Altar of Kings
30:38 Scout Tower
30:39 Scout Tower
30:42 Scout Tower
30:44 Scout Tower
30:45 Scout Tower
30:50 Scout Tower
30:51 Scout Tower
30:53 Scout Tower
30:53 Scout Tower
30:54 Scout Tower
31:07 Guard Tower
31:08 Guard Tower
31:10 Guard Tower
31:35 Guard Tower
31:37 Guard Tower
31:39 Guard Tower
31:48 Farm
31:48 Farm
31:49 Farm
32:08 Guard Tower
32:09 Guard Tower
32:28 Guard Tower
32:39 Guard Tower
33:12 Town Hall
33:23 Castle
34:42 Scout Tower
34:43 Scout Tower
34:44 Scout Tower
34:44 Scout Tower
34:49 Scout Tower
34:49 Scout Tower
34:52 Scout Tower
34:53 Scout Tower
35:10 Guard Tower
35:13 Guard Tower
35:26 Guard Tower
35:51 Guard Tower
36:14 Town Hall
» items
| Scroll of Regeneration | 1 | |
| Lesser Clarity Potion | 2 | |
| Scroll of Town Portal | 2 | |
5 total
team 2 (loser)
IRememberSOJOBO (
pink | 86 APM | 4032 actions | 46:43)
8 Archmage
3 Summon Water Elemental
3 Brilliance Aura
1 Mass Teleport
1 Blizzard
» actions
| Assign group hotkey | 138 | |
| Basic commands | 296 | |
| Build / train | 181 | |
| ESC pressed | 9 | |
| Enter build submenu | 71 | |
| Enter hero's abilities submenu | 8 | |
| Give item / drop item | 10 | |
| Remove unit from queue | 2 | |
| Right click | 1356 | |
| Select / deselect | 604 | |
| Select group hotkey | 1016 | |
| Use ability | 341 | |
4032 total
» units
| Peasant | 18 | |
| Footman | 5 | |
| Goblin Shredder | 4 | |
| Dragonhawk Rider | 7 | |
| Mortar Team | 5 | |
| Rifleman | 3 | |
| Priest | 2 | |
| Gryphon Rider | 3 | |
47 total
» upgrades
| Masonry | 3 | |
| Swords | 3 | |
| Armor | 3 | |
| Animal War Training | 1 | |
| Cloud | 1 | |
| Storm Hammers | 1 | |
| Defend | 1 | |
| Gunpowder | 3 | |
| Long Rifles | 1 | |
| Priest Training | 2 | |
| Fragmentation Shards | 1 | |
| Plating | 0 | |
| Magic Sentry | 1 | |
| Sorceress Training | 1 | |
22 total
» buildings
| Barracks | 3 | |
| Altar of Kings | 1 | |
| Farm | 12 | |
| Arcane Vault | 2 | |
| Lumber Mill | 1 | |
| Town Hall | 2 | |
| Scout Tower | 37 | |
| Arcane Tower | 3 | |
| Guard Tower | 26 | |
| Keep | 2 | |
| Blacksmith | 1 | |
| Gryphon Aviary | 4 | |
| Castle | 3 | |
| Workshop | 2 | |
| Cannon Tower | 15 | |
| Arcane Sanctum | 2 | |
116 total
» build order
00:53 Barracks
00:56 Altar of Kings
00:58 Farm
01:06 Farm
01:19 Farm
01:58 Farm
02:26 Farm
02:30 Arcane Vault
03:49 Lumber Mill
04:59 Town Hall
05:01 Scout Tower
05:27 Arcane Tower
05:27 Arcane Tower
06:36 Scout Tower
06:38 Scout Tower
06:41 Scout Tower
06:43 Scout Tower
06:45 Scout Tower
06:47 Scout Tower
07:24 Guard Tower
07:50 Keep
07:51 Keep
08:12 Scout Tower
08:13 Scout Tower
08:16 Scout Tower
08:19 Scout Tower
08:23 Scout Tower
08:44 Blacksmith
09:40 Guard Tower
10:32 Gryphon Aviary
10:34 Gryphon Aviary
10:36 Castle
10:36 Castle
10:36 Castle
10:38 Gryphon Aviary
11:51 Scout Tower
11:52 Scout Tower
11:57 Scout Tower
11:57 Scout Tower
12:00 Scout Tower
12:02 Scout Tower
12:32 Guard Tower
12:33 Guard Tower
12:33 Guard Tower
12:35 Guard Tower
12:35 Guard Tower
12:35 Guard Tower
12:36 Guard Tower
12:51 Arcane Vault
13:06 Scout Tower
13:11 Scout Tower
13:35 Guard Tower
13:35 Guard Tower
13:35 Guard Tower
13:37 Workshop
13:41 Guard Tower
13:41 Guard Tower
13:42 Guard Tower
14:19 Scout Tower
14:22 Scout Tower
14:31 Scout Tower
14:34 Scout Tower
14:40 Scout Tower
14:43 Scout Tower
14:48 Scout Tower
14:56 Cannon Tower
14:57 Cannon Tower
14:57 Cannon Tower
14:57 Cannon Tower
14:58 Cannon Tower
15:00 Cannon Tower
15:06 Guard Tower
15:12 Farm
15:14 Farm
15:17 Gryphon Aviary
15:52 Barracks
15:53 Arcane Sanctum
15:57 Barracks
16:07 Cannon Tower
16:07 Cannon Tower
16:08 Cannon Tower
16:08 Cannon Tower
16:14 Scout Tower
16:31 Guard Tower
16:41 Scout Tower
16:45 Scout Tower
17:21 Guard Tower
17:22 Guard Tower
19:38 Workshop
19:41 Arcane Sanctum
19:52 Farm
19:55 Farm
19:55 Farm
19:56 Farm
20:30 Farm
27:44 Town Hall
27:48 Scout Tower
27:49 Scout Tower
27:51 Scout Tower
27:52 Scout Tower
27:55 Scout Tower
27:57 Scout Tower
28:00 Scout Tower
30:05 Cannon Tower
30:05 Cannon Tower
30:05 Cannon Tower
30:06 Cannon Tower
30:06 Cannon Tower
30:07 Guard Tower
30:07 Guard Tower
» items
| Scroll of Regeneration | 7 | |
| Lesser Clarity Potion | 2 | |
| Scroll of Healing | 1 | |
| Periapt of Vitality | 1 | |
| Potion of Lesser Invulnerability | 1 | |
| Staff of Teleportation | 1 | |
| Scroll of Protection | 2 | |
| Scroll of Town Portal | 3 | |
| Mechanical Critter | 3 | |
| Potion of Healing | 1 | |
22 total

»
bob-the-builder (
red | 15 APM | 338 actions | 22:48)
4 Demon Hunter
2 Immolation
2 Evasion
» actions
| Assign group hotkey | 12 | |
| Basic commands | 49 | |
| Build / train | 38 | |
| ESC pressed | 3 | |
| Enter build submenu | 17 | |
| Enter hero's abilities submenu | 4 | |
| Right click | 47 | |
| Select / deselect | 100 | |
| Select group hotkey | 42 | |
| Use ability | 26 | |
338 total
» units
| Wisp | 11 | |
| Huntress | 9 | |
| Draenei Darkslayer | 1 | |
| Voidwalker | 1 | |
| Draenei Disciple | 1 | |
| Fel Beast | 1 | |
| Archer | 2 | |
26 total
» upgrades
| Moon Armor | 2 | |
| Strength of the Moon | 2 | |
4 total
» buildings
| Altar of Elders | 1 | |
| Moon Well | 7 | |
| Ancient of War | 2 | |
| Hunter's Hall | 1 | |
| Ancient of Wonders | 1 | |
| Ancient Protector | 2 | |
| Tree of Ages | 1 | |
| Tree of Eternity | 1 | |
| Tree of Life | 2 | |
18 total
» build order
00:32 Altar of Elders
00:43 Moon Well
00:54 Ancient of War
01:44 Moon Well
02:17 Moon Well
02:30 Hunter's Hall
02:51 Moon Well
03:22 Moon Well
03:34 Ancient of War
04:17 Ancient of Wonders
04:37 Ancient Protector
05:58 Tree of Ages
10:09 Ancient Protector
10:25 Tree of Eternity
12:17 Moon Well
13:09 Tree of Life
14:08 Moon Well
15:57 Tree of Life
» items

»
omgijustone (
yellow | 28 APM | 1324 actions | 46:43)
5 Far Seer
3 Feral Spirit
2 Chain Lighting
5 Blademaster
3 Wind Walk
2 Critical Strike
» actions
| Assign group hotkey | 20 | |
| Build / train | 53 | |
| Enter build submenu | 31 | |
| Enter hero's abilities submenu | 10 | |
| Give item / drop item | 2 | |
| Remove unit from queue | 1 | |
| Right click | 504 | |
| Select / deselect | 300 | |
| Select group hotkey | 340 | |
| Use ability | 63 | |
1324 total
» units
| Peon | 10 | |
| Grunt | 4 | |
| Wind Rider | 13 | |
| Goblin Shredder | 1 | |
| Raider | 2 | |
30 total
» upgrades
| Ranged Weapons | 1 | |
| Armor | 1 | |
| Envenomed Spears | 1 | |
| Pillage | 1 | |
| Ensnare | 1 | |
5 total
» buildings
| Altar of Storms | 1 | |
| Orc Burrow | 11 | |
| Barracks | 1 | |
| Stronghold | 1 | |
| War Mill | 2 | |
| Fortress | 1 | |
| Beastiary | 3 | |
| Great Hall | 2 | |
| Watch Tower | 7 | |
| Voodoo Lounge | 1 | |
| Altar of Elders | 1 | |
31 total
» build order
00:12 Altar of Storms
00:15 Orc Burrow
01:03 Barracks
01:37 Orc Burrow
02:43 Stronghold
03:46 War Mill
04:05 Orc Burrow
05:06 Fortress
05:55 Beastiary
05:59 Beastiary
06:06 Beastiary
09:16 Great Hall
09:19 Watch Tower
09:29 Watch Tower
09:42 Orc Burrow
10:18 Orc Burrow
11:08 Orc Burrow
13:02 Voodoo Lounge
15:07 Watch Tower
15:08 Watch Tower
24:29 Great Hall
24:37 War Mill
24:41 Orc Burrow
25:07 Altar of Elders
26:54 Orc Burrow
27:51 Orc Burrow
27:54 Watch Tower
28:09 Watch Tower
28:11 Watch Tower
29:00 Orc Burrow
35:16 Orc Burrow
» items

»
mr.whoisnewb (
green | 33 APM | 1533 actions | 46:43)
5 Paladin
3 Devotion Aura
2 Divine Shield
1 Pit Lord
1 Howl of Terror
» actions
| Assign group hotkey | 21 | |
| Basic commands | 86 | |
| Build / train | 73 | |
| Enter build submenu | 22 | |
| Enter hero's abilities submenu | 6 | |
| Give item / drop item | 1 | |
| Remove unit from queue | 5 | |
| Right click | 527 | |
| Select / deselect | 384 | |
| Select group hotkey | 351 | |
| Use ability | 57 | |
1533 total
» units
| Peasant | 28 | |
| Rifleman | 9 | |
| Mortar Team | 3 | |
| Sorceress | 5 | |
| Wisp | 11 | |
56 total
» upgrades
| Sorceress Training | 1 | |
| Masonry | 1 | |
2 total
» buildings
| Altar of Kings | 1 | |
| Farm | 4 | |
| Blacksmith | 1 | |
| Barracks | 1 | |
| Arcane Vault | 1 | |
| Keep | 1 | |
| Town Hall | 1 | |
| Scout Tower | 2 | |
| Arcane Sanctum | 1 | |
| Workshop | 1 | |
| Lumber Mill | 1 | |
| Castle | 0 | |
| Tree of Life | 4 | |
| Moon Well | 2 | |
| Altar of Elders | 1 | |
22 total
» build order
00:12 Altar of Kings
00:28 Farm
00:45 Farm
01:23 Blacksmith
01:36 Farm
01:45 Barracks
02:21 Farm
02:43 Arcane Vault
04:12 Keep
05:48 Town Hall
05:57 Scout Tower
06:00 Scout Tower
09:02 Arcane Sanctum
09:32 Workshop
09:52 Lumber Mill
20:40 Castle
25:08 Tree of Life
26:41 Tree of Life
30:34 Moon Well
30:57 Altar of Elders
31:01 Moon Well
31:40 Tree of Life
32:49 Tree of Life
» items
| Scroll of Regeneration | 2 | |
| Scroll of Town Portal | 1 | |
| Healing Salve | 1 | |
4 total
Chat log
(00:14 / All) 3MONTHSWOWTIME: dayum yo
(00:26 / All) YOLO_SWAGGINS: sex
(00:58 / Allies) bob-the-builder: hunts
(01:49 / All) 3MONTHSWOWTIME: fix ur net whore
(01:59 / All) bob-the-builder: fix your mom's hole
(02:03 / All) IRememberSOJOBO: rude
(02:03 / All) mr.whoisnewb: whore net, how can i get me one of them
(02:06 / All) 3MONTHSWOWTIME: dont like ur potty mouth
(04:55 / Allies) IRememberSOJOBO: fag yellow that was my green camp
(09:20 / Allies) IRememberSOJOBO: let's hit
(09:23 / Allies) mr.whoisnewb: well purps prolly got frostwyrms by now
(09:32 / Allies) bob-the-builder: we need aa
(09:38 / Allies) IRememberSOJOBO: I'll get hawks
(09:52 / Allies) bob-the-builder: come hit with us green
(10:23 / Allies) IRememberSOJOBO: come let's hit
(10:24 / Allies) IRememberSOJOBO: meet
(10:57 / Allies) mr.whoisnewb: tanks
(11:00 / Allies) IRememberSOJOBO: COME don't go after the retard magnet
(12:39 / All) IRememberSOJOBO: toggle formation retard
(12:41 / Allies) IRememberSOJOBO: ty nice job
(15:04 / Allies) IRememberSOJOBO: I got cloud let's hit
(16:56 / Allies) IRememberSOJOBO: counter
(18:13 / Allies) IRememberSOJOBO: nice
(20:17 / Allies) IRememberSOJOBO: hunts here
(23:13 / All) YOLO_SWAGGINS: TANKS A LOT
(23:15 / All) IRememberSOJOBO: you're maphacking shit and you will eat my ass
(23:41 / All) YOLO_SWAGGINS: how did I map hack?
(25:35 / All) 3MONTHSWOWTIME: nigger
(25:42 / All) YOLO_SWAGGINS: orange is tking
(25:42 / All) YOLO_SWAGGINS: Lol
(26:54 / All) 3MONTHSWOWTIME: i asked for wood all game
(26:57 / All) 3MONTHSWOWTIME: allies didnt give shit
(27:01 / All) YOLO_SWAGGINS: nobody cares
(27:02 / All) 3MONTHSWOWTIME: nobody fed me either
(27:02 / All) YOLO_SWAGGINS: lol
(27:40 / Allies) mr.whoisnewb: bob the builder has 1337 gold
(27:58 / All) YOLO_SWAGGINS: now oj tks blue
(27:59 / All) YOLO_SWAGGINS: lol
(28:56 / All) 3MONTHSWOWTIME: good job blue
(28:57 / All) 3MONTHSWOWTIME: retard
(29:13 / All) 3MONTHSWOWTIME: next time give wood to ur allies
(29:17 / All) 3MONTHSWOWTIME: i told u at start of game i was pro
(29:37 / Allies) omgijustone: gold pink
(29:42 / All) 3MONTHSWOWTIME: blue called me whiny little bitch
(29:47 / All) 3MONTHSWOWTIME: i asked for wood 2 times
(29:52 / Allies) IRememberSOJOBO: what did you just say you little bitch?
(29:57 / All) YOLO_SWAGGINS: but you are proving blue's point..
(29:58 / All) YOLO_SWAGGINS: lol
(30:00 / All) 3MONTHSWOWTIME: epitome of arrogance
(30:02 / All) mr.whoisnewb: how can a fathonrygurl give you wood?
(30:15 / All) 3MONTHSWOWTIME: lawl
(30:18 / All) 3MONTHSWOWTIME: blue calledme fatty
(30:44 / All) FatHonrygurl4U: Orange is just mad at life because he was born with a little dick.
(30:56 / All) FatHonrygurl4U: looks like a womens clit
(30:59 / All) 3MONTHSWOWTIME: ur guys opinions on that?
(31:08 / All) FatHonrygurl4U: id be mad at the world too orange.
(31:12 / All) mr.whoisnewb: pictures or it didnt happen
(31:16 / All) FatHonrygurl4U: nexxt time kick your dad in the balls
(31:19 / All) FatHonrygurl4U: and say why lol
(31:37 / All) FatHonrygurl4U: I guess orange whole family is ragin over there little family tree cock size :/
(31:54 / All) 3MONTHSWOWTIME: actually we all watch jeopardy together every night at 7 pm
(31:59 / All) FatHonrygurl4U: Anyways guys GG to the other team.
(32:02 / All) FatHonrygurl4U: bhye :)
(32:22 / All) IRememberSOJOBO: ahhhhh
(32:28 / All) IRememberSOJOBO: got the bm
(32:30 / All) IRememberSOJOBO: peace and quiet!!!!
(33:30 / All) 3MONTHSWOWTIME: doubt teal will stay
(33:45 / All) 3MONTHSWOWTIME: me neither
(34:04 / All) IRememberSOJOBO: teal is 2-9 LOL
(34:21 / All) IRememberSOJOBO: well you're 2-10 now faggot
(35:05 / All) 3MONTHSWOWTIME: FOR WINTERFELL
(35:16 / All) 3MONTHSWOWTIME: FOR THE STARKS
(35:27 / All) 3MONTHSWOWTIME: DAMN yellow u just wont give up
(36:41 / All) IRememberSOJOBO: You lose
(36:43 / All) IRememberSOJOBO: out
(36:51 / All) 3MONTHSWOWTIME: bilbo mad!
(37:42 / All) IRememberSOJOBO: nice mh lol
(37:48 / All) IRememberSOJOBO: moving your peasant ahead of time into a corner
(37:57 / All) IRememberSOJOBO: you lose
(38:18 / All) 3MONTHSWOWTIME: yellow or green wont give up on tree hiding n shit
(38:49 / All) YOLO_SWAGGINS: strong peons
(38:55 / All) 3MONTHSWOWTIME: i aint sure
(38:56 / All) 3MONTHSWOWTIME: up tou
(39:01 / All) 3MONTHSWOWTIME: teal i have a question
(39:05 / All) IRememberSOJOBO: Teal you lose
(39:07 / All) IRememberSOJOBO: you can leave
(39:09 / All) IRememberSOJOBO: you have my permission
(39:53 / All) 3MONTHSWOWTIME: i finished 2nd game of thrones book on 3rd one now
(39:58 / All) 3MONTHSWOWTIME: im enjoying reading
(40:27 / All) 3MONTHSWOWTIME: lets just make it a standoff i say
(40:52 / All) IRememberSOJOBO: k
(40:59 / All) 3MONTHSWOWTIME: dun really matter to me
(41:09 / All) 3MONTHSWOWTIME: i dont teal cares about win but maybe he'll leave wc3 on all night
(41:15 / All) 3MONTHSWOWTIME: green and yellow prob have bad records anyways
(42:48 / All) 3MONTHSWOWTIME: standoff done my side
(43:07 / All) 3MONTHSWOWTIME: u get 2 zepplins to control teal
(43:12 / All) 3MONTHSWOWTIME: while u leave wc3 on all night
(43:40 / All) 3MONTHSWOWTIME: blue crept top left and forgot to pick up scroll of restoration
(43:43 / All) 3MONTHSWOWTIME: like the best item in game
(44:04 / All) 3MONTHSWOWTIME: how u do that lawl
(44:07 / All) 3MONTHSWOWTIME: ringa around
(44:13 / All) IRememberSOJOBO: shift queue
(44:24 / All) IRememberSOJOBO: you don't know about shift queue?
(44:28 / All) 3MONTHSWOWTIME: wil never match that awesome time what we did on golems
(44:46 / All) 3MONTHSWOWTIME: 200 food of shredders and we didnt hve to touch them
(44:49 / All) IRememberSOJOBO: lawl
(44:52 / All) IRememberSOJOBO: that was pro
(45:51 / All) IRememberSOJOBO: WTF
(45:53 / All) IRememberSOJOBO: STOP KILLING TOWERS
(45:55 / All) IRememberSOJOBO: KILL MY UNITS
(45:56 / All) IRememberSOJOBO: U PRICK
(46:02 / All) 3MONTHSWOWTIME: oh lawl
(46:07 / All) 3MONTHSWOWTIME: i swear i havent touched them for 10 min
(46:23 / All) 3MONTHSWOWTIME: oh its teal
(46:27 / All) IRememberSOJOBO: oh
(46:30 / All) IRememberSOJOBO: my side done
(46:33 / All) IRememberSOJOBO: Good luck you fuckers
(46:35 / All) 3MONTHSWOWTIME: mine too
(46:37 / All) IRememberSOJOBO: let it begin let it beginad!!!#W4241125
(46:39 / All) 3MONTHSWOWTIME: good luck we'll whisper u tomorrow
(46:40 / All) IRememberSOJOBO: GL HF!!!!
(46:41 / All) IRememberSOJOBO: GL HF!!!